[Event "Titled Tuesday Blitz April 12 Early 2022"]
[White "Vokarev, Sergey"]
[Black "Caputcuoglu, Zeki Berke"]
[WhiteFideId "4119711"]
[BlackFideId "34548610"]
[WhiteElo "2343"]
[BlackElo "1368"]
[Result "1-0"]
[Round "05"]
[TimeControl "180+1"]
[Date "2022.04.13"]
[WhiteClock "0:00:20"]
[BlackClock "0:00:02"]

1. e4 e5 2. Nf3 Nc6 3. Bb5 a6 4. Bxc6 dxc6 5. Nc3 Qd6 6. d4 exd4 7. Qxd4 Qxd4 8. Nxd4 Bd7 9. Bf4 O-O-O 10. O-O-O Ne7 11. a3 Ng6 12. Bg3 f6 13. Nf3 h5 14. h3 h4 15. Bh2 Bc5 16. Rd2 Be6 17. Rhd1 Rxd2 18. Rxd2 Rd8 19. Nd1 Bc4 20. Rxd8+ Kxd8 21. Nd2 Be2 22. Nc3 Bh5 23. f3 Be3 24. Ne2 Kd7 25. Kd1 Ne5 26. Bxe5 fxe5 27. Nc4 Bf4 28. Nxf4 exf4 29. Kd2 b6 30. b4 Ke6 31. Nb2 Be8 32. Nd3 g5 33. c4 Kd6 34. c5+ Ke6 35. Kc3 Bf7 36. Kd4 Kf6 37. a4 a5 38. bxa5 bxa5 39. Ne5 Bb3 40. Nxc6 Bxa4 41. Nxa5 Bd1 42. Kd3 Ke5 43. Nc4+ Ke6 44. Nb2 Bb3 45. Kd4 Ke7 46. Ke5 Be6 47. c6 Bc8 48. Nd1 Kf7 49. Nf2 Kg6 50. Ng4 Ba6 51. Ke6 Bf1 52. Kd7 Bxg2 53. Nf2 Bf1 54. e5 Kf5 55. e6 Bc4 56. e7 Bf7 57. Kxc7 Be8 58. Kd6 Kf6 59. c7 1-0


[Site "https://www.chess.com"]

[Event "Titled Tuesday Blitz April 12 Early 2022"]
[White "Vovk, Orest"]
[Black "Ovezdurdyyeva, Jemal"]
[WhiteFideId "14113490"]
[BlackFideId "14001888"]
[WhiteElo "2203"]
[BlackElo "1946"]
[Result "0-1"]
[Round "05"]
[TimeControl "180+1"]
[Date "2022.04.13"]
[WhiteClock "0:00:01"]
[BlackClock "0:00:26"]

1. h4 d5 2. h5 c5 3. e4 dxe4 4. Nc3 Nf6 5. h6 gxh6 6. Rh4 Bf5 7. d3 exd3 8. cxd3 e6 9. Be3 Nc6 10. Nf3 Qb6 11. Na4 Qa5+ 12. Bd2 Qc7 13. Qb3 O-O-O 14. O-O-O Nd5 15. Rc4 Ndb4 16. Nxc5 Bxc5 17. Rxc5 Nxd3+ 18. Bxd3 Rxd3 19. Qc4 Rhd8 20. Ne5 R3d4 21. Qb5 R8d5 22. Nxc6 bxc6 23. Qa6+ Kd7 24. Rc3 Ra5 25. Qe2 Rxa2 26. Ra3 Rxa3 27. bxa3 Qb6 28. Bb4 a5 29. Bxa5 Qb1# 0-1


[Site "https://www.chess.com"]

[Event "Titled Tuesday Blitz April 12 Early 2022"]
[White "Wagh Suyog"]
[Black "Dreev, Aleksey"]
[WhiteFideId "25071688"]
[BlackFideId "4100107"]
[WhiteElo "2181"]
[BlackElo "2625"]
[Result "0-1"]
[Round "05"]
[TimeControl "180+1"]
[Date "2022.04.12"]
[WhiteClock "0:00:09"]
[BlackClock "0:00:12"]

1. e4 c5 2. Nf3 e6 3. d4 cxd4 4. Nxd4 Nf6 5. Bd3 Nc6 6. Nb3 d5 7. exd5 Nxd5 8. O-O Be7 9. a3 O-O 10. c4 Nf6 11. Nc3 Ne5 12. Be2 Qxd1 13. Rxd1 Bd7 14. Bf4 Ng6 15. Bd6 Bxd6 16. Rxd6 Rfc8 17. c5 Bc6 18. Na5 Nf4 19. Nxc6 bxc6 20. Ba6 Rc7 21. Rd4 N4d5 22. Nxd5 Nxd5 23. b4 g5 24. f3 Kg7 25. Kf2 Kf6 26. Re1 h6 27. h4 Rg8 28. Rh1 Rd7 29. Bc4 Rgd8 30. hxg5+ hxg5 31. b5 cxb5 32. Bxb5 Rc7 33. Rc1 Rb8 34. a4 Ke7 35. Rc2 Rbc8 36. Rdc4 a5 37. Ke2 Rd8 38. Rc1 Kf6 39. g3 Rh8 40. Kf2 Rh2+ 41. Kg1 Rd2 42. Re4 Rb2 43. c6 Ke7 44. Ba6 Kd6 45. Bb7 Rbxb7 46. cxb7 Rxc1+ 47. Re1 Rxe1+ 48. Kf2 Rb1 0-1


[Site "https://www.chess.com"]

[Event "Titled Tuesday Blitz April 12 Early 2022"]
[White "Xiong, Jeffery"]
[Black "Atakhan, Abtin"]
[WhiteFideId "2047640"]
[BlackFideId "22502203"]
[WhiteElo "2727"]
[BlackElo "2094"]
[Result "1-0"]
[Round "05"]
[TimeControl "180+1"]
[Date "2022.04.12"]
[WhiteClock "0:00:32"]
[BlackClock "0:00:01"]

1. d4 Nf6 2. c4 g6 3. Nc3 d5 4. Nf3 Bg7 5. h4 c6 6. cxd5 cxd5 7. Bf4 O-O 8. e3 Nc6 9. Qb3 a6 10. Ne5 Nh5 11. Bh2 Nxe5 12. dxe5 Be6 13. Rd1 Qc7 14. Nxd5 Bxd5 15. Rxd5 Rfd8 16. Bc4 Rxd5 17. Bxd5 Qc1+ 18. Qd1 Qxd1+ 19. Kxd1 Rd8 20. e4 e6 21. g4 exd5 22. gxh5 dxe4+ 23. Ke2 gxh5 24. Rg1 Kf8 25. Rg5 Bh6 26. Rxh5 Kg7 27. e6 fxe6 28. Re5 Rd2+ 29. Kf1 e3 30. Rxe6 Rxf2+ 31. Kg1 Rc2 32. Be5+ Kf7 33. Rxh6 Rc1+ 34. Kg2 e2 35. Bg3 e1=Q 36. Bxe1 Rxe1 37. Rxh7+ Kg6 38. Rxb7 Kh5 39. Rb4 Re3 40. Kf2 Rh3 41. Ke1 Rh2 42. Kd1 a5 43. Rb8 Kxh4 44. Rh8+ 1-0


[Site "https://www.chess.com"]

[Event "Titled Tuesday Blitz April 12 Early 2022"]
[White "Xu, Yi"]
[Black "Kozak, Antoni"]
[WhiteFideId "8605564"]
[BlackFideId "21832030"]
[WhiteElo "2471"]
[BlackElo "2236"]
[Result "0-1"]
[Round "05"]
[TimeControl "180+1"]
[Date "2022.04.12"]
[WhiteClock "0:00:01"]
[BlackClock "0:00:11"]

1. e4 c6 2. d4 d5 3. e5 Bf5 4. h4 a6 5. Nc3 h6 6. g4 Bd7 7. h5 c5 8. dxc5 e6 9. Be3 Qc7 10. f4 Bxc5 11. Bxc5 Qxc5 12. Nge2 Nc6 13. Qd2 Nge7 14. O-O-O b5 15. Nd4 Nxd4 16. Qxd4 Qxd4 17. Rxd4 g5 18. hxg6 fxg6 19. Rd2 Bc6 20. Ne2 Kf7 21. Nd4 Bd7 22. Rdh2 Kg7 23. Bd3 Raf8 24. Ne2 Be8 25. Kd2 Nc6 26. c3 g5 27. Ke3 Bd7 28. fxg5 hxg5 29. Rh7+ Rxh7 30. Rxh7+ Kg8 31. Rxd7 Nxe5 32. Bh7+ Kh8 33. Re7 Nxg4+ 34. Kd2 e5 35. Bc2 e4 36. Re6 Rf2 37. Ke1 Rh2 38. Bxe4 dxe4 39. Rxe4 Nf2 40. Re8+ Kg7 41. Kf1 Nd3 42. Re6 Kf7 43. Rxa6 Rf2+ 44. Kg1 Rxe2 45. Rd6 Nf4 46. Rb6 Rxb2 47. a4 Rc2 48. Rxb5 Rxc3 49. Kf2 Kf6 50. a5 Ra3 0-1


[Site "https://www.chess.com"]

[Event "Titled Tuesday Blitz April 12 Early 2022"]
[White "Yang, Kaiqi"]
[Black "Nogerbek, Kazybek"]
[WhiteFideId "8604398"]
[BlackFideId "13710427"]
[WhiteElo "2373"]
[BlackElo "2466"]
[Result "0-1"]
[Round "05"]
[TimeControl "180+1"]
[Date "2022.04.12"]
[WhiteClock "0:00:09"]
[BlackClock "0:00:56"]

1. e4 e5 2. Nf3 Nc6 3. d4 exd4 4. Bc4 Nf6 5. e5 d5 6. Bb5 Ne4 7. Nxd4 Bd7 8. Bxc6 bxc6 9. O-O Be7 10. f3 Nc5 11. Be3 O-O 12. Nd2 a5 13. f4 f5 14. N2b3 Ne4 15. a4 c5 16. Nf3 d4 17. Bf2 Bc6 18. Nbd2 Rb8 19. b3 Nc3 20. Qe1 Bd5 21. Kh1 Kh8 22. Bh4 Rb6 23. Bxe7 Qxe7 24. Nb1 Ne4 25. Qxa5 Rh6 26. Qe1 g5 27. Nbd2 g4 28. Ng1 Nxd2 29. Qxd2 Qh4 30. Nf3 gxf3 31. gxf3 Qh3 32. Qg2 Qh4 33. Rg1 Bxf3 0-1


[Site "https://www.chess.com"]

[Event "Titled Tuesday Blitz April 12 Early 2022"]
[White "Yeletsky, Ivan"]
[Black "Almeida Junior, Alvaro Alves de"]
[WhiteFideId "24180327"]
[BlackFideId "2149974"]
[WhiteElo "2319"]
[BlackElo "2086"]
[Result "1-0"]
[Round "05"]
[TimeControl "180+1"]
[Date "2022.04.13"]
[WhiteClock "0:01:49"]
[BlackClock "0:00:10"]

1. c4 e5 2. Nc3 Nf6 3. g3 d5 4. cxd5 Nxd5 5. Bg2 Nb6 6. Nf3 Nc6 7. O-O Be7 8. d3 O-O 9. a3 a5 10. Be3 Be6 11. Rc1 Nd5 12. Nxd5 Bxd5 13. Nd2 Bxg2 14. Kxg2 Qd5+ 15. Kg1 Rfe8 16. Qc2 Rac8 17. Qc4 Red8 18. g4 Nd4 19. Bxd4 Qxd4 20. Nf3 Qxb2 21. Rc2 Qb6 22. Nxe5 Qe6 23. Qxe6 fxe6 24. a4 Rd4 25. Rc4 Rxc4 26. Nxc4 Bb4 27. Rc1 Rd8 28. Kg2 c6 29. f4 b5 30. Nb6 Rd6 31. Kf3 c5 32. Nc8 Rd8 33. Ne7+ Kf7 34. Nc6 Rc8 35. axb5 a4 36. Nxb4 a3 37. Na2 Rb8 38. Rxc5 1-0


[Site "https://www.chess.com"]

[Event "Titled Tuesday Blitz April 12 Early 2022"]
[White "Yurovskykh, Oleksandr"]
[Black "Lach, Aleksandra"]
[WhiteFideId "14134020"]
[BlackFideId "1134299"]
[WhiteElo "2292"]
[BlackElo "2172"]
[Result "1-0"]
[Round "05"]
[TimeControl "180+1"]
[Date "2022.04.13"]
[WhiteClock "0:00:09"]
[BlackClock "0:00:51"]

1. d4 f5 2. Nc3 Nf6 3. Bg5 d5 4. e3 e6 5. Nf3 Be7 6. Bd3 O-O 7. Ne2 Ne4 8. Bxe7 Qxe7 9. O-O c5 10. c4 Nc6 11. cxd5 exd5 12. dxc5 Nxc5 13. Nf4 Be6 14. Nd4 Nxd4 15. exd4 Ne4 16. f3 Ng5 17. Qd2 Qf6 18. Rfe1 Rae8 19. Bb5 Re7 20. Qf2 a6 21. Ba4 b5 22. Bb3 Rd8 23. Re2 Bf7 24. Rxe7 Qxe7 25. Re1 Qc7 26. Qd2 Qd6 27. Re5 Ne6 28. Rxd5 Qe7 29. Nxe6 Rxd5 30. Bxd5 Bxe6 31. Qe3 Kf7 32. Qxe6+ Qxe6 33. Bxe6+ Kxe6 34. Kf2 Kd5 35. Ke3 a5 36. b3 a4 37. bxa4 bxa4 38. Kd3 a3 39. Kc3 f4 40. Kd3 g5 41. h3 h6 42. Kc3 h5 43. Kd3 1-0


[Site "https://www.chess.com"]

[Event "Titled Tuesday Blitz April 12 Early 2022"]
[White "Zanette, Edgard Vinicius"]
[Black "Horcajuelo Rocamora, Martin"]
[WhiteFideId "2109263"]
[BlackFideId "24573027"]
[WhiteElo "2182"]
[BlackElo "1822"]
[Result "1-0"]
[Round "05"]
[TimeControl "180+1"]
[Date "2022.04.13"]
[WhiteClock "0:00:10"]
[BlackClock "0:00:33"]

1. e4 e5 2. Nf3 Nc6 3. Bb5 Nf6 4. d3 Bc5 5. O-O a6 6. Bxc6 dxc6 7. Nxe5 O-O 8. Be3 Bd6 9. Nc4 Be7 10. h3 Be6 11. Nbd2 c5 12. b3 Nd7 13. f4 f5 14. e5 b5 15. Nb2 Nb6 16. Qf3 Nd5 17. Bf2 Qd7 18. a3 Nc3 19. Be3 Nd5 20. Bf2 Rad8 21. Rae1 Nc3 22. Nb1 Nxb1 23. Rxb1 g6 24. Qe3 Bd5 25. c4 Bb7 26. Rbd1 Qc6 27. Qg3 Bh4 28. Qh2 Bxf2+ 29. Rxf2 Rd4 30. Rdd2 Rfd8 31. Qg3 a5 32. Qe3 a4 33. bxa4 bxa4 34. Nd1 Ba6 35. Nc3 Qe6 36. Nd5 c6 37. Nf6+ Kg7 38. g4 Qc8 39. gxf5 Qxf5 40. Rg2 Rxd3 41. Qxc5 Qe6 42. Rxd3 Rxd3 43. Qa7+ Qf7 44. Qxa6 Rd1+ 45. Kh2 Kh6 46. Qxc6 Rf1 47. Ng4+ Kh5 48. Qf6 Qxf6 49. Nxf6+ Kh6 50. e6 1-0


[Site "https://www.chess.com"]

[Event "Titled Tuesday Blitz April 12 Early 2022"]
[White "Zavgorodniy, Sergiy"]
[Black "Sychev, Klementy"]
[WhiteFideId "14110148"]
[BlackFideId "4114060"]
[WhiteElo "2420"]
[BlackElo "2564"]
[Result "0-1"]
[Round "05"]
[TimeControl "180+1"]
[Date "2022.04.12"]
[WhiteClock "0:02:05"]
[BlackClock "0:02:14"]

1. e4 c5 2. Nf3 e6 3. d3 Nc6 4. g3 g6 5. Bg5 f6 6. Be3 d5 7. exd5 exd5 8. d4 Bg4 9. Bg2 cxd4 10. Bxd4 Qe7+ 11. Be3 d4 12. O-O dxe3 0-1


[Site "https://www.chess.com"]

[Event "Titled Tuesday Blitz April 12 Early 2022"]
[White "Zhao, Jun"]
[Black "Dang, Hoang Son"]
[WhiteFideId "8602522"]
[BlackFideId "12402435"]
[WhiteElo "2547"]
[BlackElo "2252"]
[Result "1-0"]
[Round "05"]
[TimeControl "180+1"]
[Date "2022.04.12"]
[WhiteClock "0:00:05"]
[BlackClock "0:00:02"]

1. d4 Nf6 2. c4 g6 3. Nf3 Bg7 4. e3 O-O 5. Be2 d6 6. O-O Nbd7 7. Nc3 e5 8. Qc2 Qe7 9. b4 c6 10. b5 e4 11. Nd2 Re8 12. Ba3 c5 13. Rfe1 b6 14. Bb2 Bb7 15. a4 d5 16. Nxd5 Nxd5 17. cxd5 cxd4 18. Bxd4 Bxd4 19. exd4 Bxd5 20. Nf1 f5 21. Ne3 Bf7 22. Bc4 Rac8 23. Qb3 f4 24. Nd5 Qd6 25. Nxb6 Rxc4 26. Nxc4 Qd5 27. Rac1 Nb6 28. Na5 Qxb3 29. Nxb3 Bxb3 30. a5 Nc4 31. Rc3 Nxa5 32. Ra1 Rd8 33. Rxa5 Rxd4 34. h4 Rd3 35. Rc7 e3 36. fxe3 fxe3 37. Raxa7 Rd1+ 38. Kh2 Rd8 39. Re7 Rb8 40. Rxe3 Bf7 41. Ree7 Bd5 42. b6 Kf8 43. Rxh7 Bg8 44. Rhc7 Be6 45. b7 Bd5 46. Rc8+ 1-0


[Site "https://www.chess.com"]

[Event "Titled Tuesday Blitz April 12 Early 2022"]
[White "Zhigalko, Sergei"]
[Black "Martinovici, Ilia"]
[WhiteFideId "13502956"]
[BlackFideId "13907034"]
[WhiteElo "2662"]
[BlackElo "2282"]
[Result "1-0"]
[Round "05"]
[TimeControl "180+1"]
[Date "2022.04.12"]
[WhiteClock "0:00:54"]
[BlackClock "0:00:02"]

1. e4 c5 2. Nf3 e6 3. c3 d5 4. e5 Bd7 5. d4 Qb6 6. Be2 Bb5 7. Bxb5+ Qxb5 8. a4 Qa6 9. Na3 cxd4 10. Nb5 Qb6 11. Nbxd4 Nc6 12. O-O Nge7 13. Be3 Nxd4 14. Nxd4 Qc7 15. Nb5 Qxe5 16. Re1 Qb8 17. Bc5 Nc6 18. Qxd5 a6 19. Rxe6+ fxe6 20. Qxe6+ Be7 21. Bxe7 axb5 22. Bd6+ Kd8 23. Bxb8 Nxb8 24. Rd1+ Kc7 25. Qd6+ Kc8 26. axb5 Re8 27. b6 Na6 28. Qd7+ 1-0


[Site "https://www.chess.com"]

[Event "Titled Tuesday Blitz April 12 Early 2022"]
[White "Zhu, Jiner"]
[Black "Caruana, Fabiano"]
[WhiteFideId "8608059"]
[BlackFideId "2020009"]
[WhiteElo "2281"]
[BlackElo "2744"]
[Result "0-1"]
[Round "05"]
[TimeControl "180+1"]
[Date "2022.04.12"]
[WhiteClock "0:00:03"]
[BlackClock "0:01:33"]

1. e4 e5 2. Nf3 Nc6 3. Bb5 a6 4. Ba4 Nf6 5. O-O Be7 6. Re1 b5 7. Bb3 d6 8. c3 O-O 9. h3 h6 10. d4 Re8 11. Nbd2 Bf8 12. Bc2 Bd7 13. Nf1 a5 14. Ng3 a4 15. a3 Na5 16. Rb1 c5 17. d5 g6 18. Bd3 c4 19. Bf1 Nb3 20. Be3 Bg7 21. Nd2 Nc5 22. Bxc5 dxc5 23. Qe2 Rf8 24. Qe3 Rc8 25. Be2 Ne8 26. Bg4 Bxg4 27. hxg4 Qh4 28. g5 Qxg5 29. Qxg5 hxg5 30. Ngf1 Nd6 31. g4 Bf6 32. f3 Kg7 33. Ng3 Bd8 34. Ndf1 Rh8 35. Ne3 Bb6 36. Kg2 Rh4 37. Rh1 b4 38. Ne2 Rb8 39. Ng3 Ba7 40. Ne2 bxa3 41. bxa3 Rb3 42. Rhc1 Rh8 43. Nc2 Rhb8 44. Ra1 Bb6 45. Kf2 Ba5 46. Ne1 Nb5 47. Ke3 Nxc3 0-1


[Site "https://www.chess.com"]

[Event "Titled Tuesday Blitz April 12 Early 2022"]
[White "Zierk, Steven"]
[Black "Maevsky, Nikolay"]
[WhiteFideId "2034255"]
[BlackFideId "4198220"]
[WhiteElo "2494"]
[BlackElo "2126"]
[Result "1-0"]
[Round "05"]
[TimeControl "180+1"]
[Date "2022.04.12"]
[WhiteClock "0:00:35"]
[BlackClock "0:00:15"]

1. d4 d5 2. c4 Nc6 3. Nf3 Bg4 4. Nc3 e6 5. e3 Nf6 6. Be2 Bb4 7. O-O O-O 8. a3 Be7 9. b4 dxc4 10. Bxc4 Nd5 11. Bb2 Nxc3 12. Bxc3 Bf6 13. h3 Bh5 14. Rc1 a5 15. b5 Nb8 16. a4 Nd7 17. Be2 Nb6 18. e4 Re8 19. Re1 Bxf3 20. Bxf3 e5 21. dxe5 Bxe5 22. Qxd8 Raxd8 23. Bxe5 Rxe5 24. Rxc7 Nxa4 25. Rd1 Rf8 26. Rd5 Rxd5 27. exd5 b6 28. d6 Rd8 29. Bd5 Rxd6 30. Rc8+ 1-0


[Site "https://www.chess.com"]

[Event "Titled Tuesday Blitz April 12 Early 2022"]
[White "Zlatin, Alexander"]
[Black "Andreikin, Dmitry"]
[WhiteFideId "2810549"]
[BlackFideId "4158814"]
[WhiteElo "2228"]
[BlackElo "2736"]
[Result "0-1"]
[Round "05"]
[TimeControl "180+1"]
[Date "2022.04.13"]
[WhiteClock "0:00:02"]
[BlackClock "0:00:34"]

1. d4 d5 2. Nc3 Bf5 3. Bf4 e6 4. e3 Bd6 5. Bd3 Bxf4 6. exf4 Ne7 7. Nf3 O-O 8. O-O Nd7 9. Re1 c5 10. dxc5 Nxc5 11. Bxf5 Nxf5 12. Nd4 Qf6 13. Nxf5 Qxf5 14. g3 Qf6 15. Qe2 Rac8 16. Rad1 a6 17. Qe3 b5 18. Qd4 Qxd4 19. Rxd4 g6 20. Kg2 Nd7 21. a4 Rc4 22. Red1 Rb8 23. axb5 axb5 24. Nxb5 Rxc2 25. Na3 Rcxb2 26. R1d2 Nf6 27. f3 Ne8 28. Nc2 Nd6 29. Ne3 h5 30. Kh3 Kg7 31. g4 hxg4+ 32. Kxg4 R8b3 33. Rxb2 Rxb2 34. h4 Rb3 35. Nc2 Nf5 36. Rb4 Rc3 37. Nd4 Rc4 38. Rxc4 dxc4 39. Nb5 Ne3+ 40. Kg3 Nd5 41. Nd4 c3 42. Kf2 Nb4 43. Ke2 Nd5 44. Kd3 Nxf4+ 45. Kxc3 Ng2 46. Kd3 Nxh4 47. Ke4 Kf6 48. f4 Nf5 49. Nf3 Ne7 50. Ne5 Nd5 51. Nd7+ Ke7 52. Nc5 Nf6+ 53. Kf3 Nd7 54. Ne4 f5 55. Ng5 Kf6 56. Nh7+ Ke7 57. Ng5 e5 58. fxe5 Nxe5+ 59. Kf4 Nf7 60. Nf3 Kf6 61. Kg3 g5 62. Nd4 Ne5 63. Ne2 Nc6 64. Nc3 Ke5 65. Ne2 Ke4 66. Nc3+ Kd4 67. Nb5+ Ke3 68. Nd6 Nd4 69. Nc4+ Ke2 70. Nd6 f4+ 71. Kg4 f3 72. Kxg5 Kd3 73. Kg4 f2 74. Ne4 Kxe4 0-1


[Site "https://www.chess.com"]

[Event "Titled Tuesday Blitz April 12 Early 2022"]
[White "Aaditya Dhingra"]
[Black "Zaksaite, Salomeja"]
[WhiteFideId "25678191"]
[BlackFideId "12801496"]
[WhiteElo "1849"]
[BlackElo "1953"]
[Result "1-0"]
[Round "06"]
[TimeControl "180+1"]
[Date "2022.04.13"]
[WhiteClock "0:00:12"]
[BlackClock "0:00:02"]

1. Nf3 Nf6 2. c4 g6 3. b3 Bg7 4. Bb2 O-O 5. g3 c6 6. Bg2 d5 7. O-O Nbd7 8. d3 Qc7 9. Nc3 a6 10. Rc1 Qd6 11. e4 d4 12. c5 Qc7 13. Nxd4 Nxc5 14. Nce2 Ne6 15. Qc2 Rd8 16. Nxe6 Bxe6 17. Nf4 Bd7 18. e5 Ng4 19. d4 Be8 20. h3 Nh6 21. Rfe1 Nf5 22. Rcd1 e6 23. Be4 Rac8 24. Bxf5 exf5 25. e6 Qd6 26. Qc4 Bh6 27. e7 Rd7 28. d5 Bxf4 29. dxc6 Qxd1 30. Rxd1 Rxd1+ 31. Kh2 Bxg3+ 32. Kxg3 Bxc6 33. Qc3 Rg1+ 34. Kh4 g5+ 35. Kh5 Bf3+ 36. Qxf3 f6 37. Qd5+ Kg7 38. Qd7 1-0


[Site "https://www.chess.com"]

[Event "Titled Tuesday Blitz April 12 Early 2022"]
[White "Abdusattorov, Nodirbek"]
[Black "Bluebaum, Matthias"]
[WhiteFideId "14204118"]
[BlackFideId "24651516"]
[WhiteElo "2663"]
[BlackElo "2550"]
[Result "1-0"]
[Round "06"]
[TimeControl "180+1"]
[Date "2022.04.12"]
[WhiteClock "0:00:56"]
[BlackClock "0:00:04"]

1. e4 c6 2. Nc3 d5 3. Nf3 dxe4 4. Nxe4 Nf6 5. Qe2 Nxe4 6. Qxe4 Nd7 7. d4 Nf6 8. Qd3 g6 9. Be2 Bg7 10. O-O O-O 11. Rd1 Qc7 12. h3 Rd8 13. c4 Bf5 14. Qb3 a5 15. a4 h6 16. Be3 Be6 17. d5 cxd5 18. Bb6 Qf4 19. Bxd8 Rxd8 20. Nd4 Bc8 21. Qf3 Qe5 22. cxd5 Nxd5 23. Bc4 e6 24. Rac1 Nb6 25. Nc6 Rxd1+ 26. Qxd1 Qc7 27. Nxa5 Bxb2 28. Rc2 Ba3 29. Bxe6 Bc5 30. Bxc8 Nxc8 31. Nb3 b6 32. Nxc5 bxc5 33. Qc1 Nd6 34. Rxc5 Qa7 35. a5 Ne4 36. Rc8+ Kh7 37. Qb2 g5 38. g4 f6 39. Qc2 f5 1-0


[Site "https://www.chess.com"]

[Event "Titled Tuesday Blitz April 12 Early 2022"]
[White "Adelman, Charles"]
[Black "Omariev, Maksim"]
[WhiteFideId "2003597"]
[BlackFideId "4193423"]
[WhiteElo "2326"]
[BlackElo "2493"]
[Result "1-0"]
[Round "06"]
[TimeControl "180+1"]
[Date "2022.04.13"]
[WhiteClock "0:01:09"]
[BlackClock "0:00:10"]

1. Nf3 h5 2. c4 h4 3. h3 e6 4. e3 d5 5. d4 Be7 6. Nc3 Nf6 7. b3 b6 8. Bb2 Bb7 9. cxd5 Nxd5 10. Nxd5 Qxd5 11. Bc4 Qh5 12. Qe2 a6 13. O-O-O Nc6 14. Kb1 Nb4 15. e4 Qg6 16. Rhe1 O-O-O 17. a3 b5 18. Ne5 Qxg2 19. axb4 bxc4 20. Nxf7 cxb3 21. Nxh8 Rxh8 22. Rg1 Qxe4+ 23. Qxe4 Bxe4+ 24. Kc1 Rh7 25. d5 exd5 26. Rxg7 Rxg7 27. Bxg7 Bxb4 28. Kb2 Bc2 29. Rxd5 a5 30. Bc3 Kb7 31. Bxb4 axb4 32. Rb5+ Kc6 33. Rxb4 Kd5 34. Rxh4 c5 35. Kc3 c4 36. Rxc4 b2 37. Kxc2 Kxc4 38. Kxb2 Kd3 39. h4 Ke4 40. h5 Kf5 41. Kc3 Kg5 42. Kd4 Kxh5 43. Ke4 Kg5 44. f3 Kg6 45. Ke5 Kg5 46. f4+ Kg6 47. Ke6 Kg7 48. f5 Kf8 49. Kf6 Ke8 50. Kg7 Ke7 51. f6+ Ke6 52. f7 Kd6 53. f8=Q+ 1-0


[Site "https://www.chess.com"]

[Event "Titled Tuesday Blitz April 12 Early 2022"]
[White "Agasarov, Benik"]
[Black "Secheres, Adrian-Simion"]
[WhiteFideId "13314823"]
[BlackFideId "1217445"]
[WhiteElo "2531"]
[BlackElo "2277"]
[Result "0-1"]
[Round "06"]
[TimeControl "180+1"]
[Date "2022.04.13"]
[WhiteClock "0:00:44"]
[BlackClock "0:01:22"]

1. e4 Nc6 2. Nf3 d6 3. d4 Nf6 4. Nc3 g6 5. h3 Bg7 6. Bd3 O-O 7. O-O e5 8. d5 Ne7 9. Nd2 Ne8 10. a4 f5 11. Be2 Nf6 12. a5 a6 13. b4 f4 14. Nf3 h6 15. Nh2 h5 16. Bd2 Qe8 17. b5 g5 18. b6 cxb6 19. axb6 Bd7 20. g4 fxg3 21. fxg3 Bxh3 22. Rf2 Qg6 23. Nf3 Bh6 24. Rh2 Bg4 25. Ra4 Rac8 26. Rg2 Bxf3 27. Bxf3 g4 28. Bxh6 Qxh6 29. Be2 Rxc3 30. Bd3 Qe3+ 31. Kh2 Nh7 32. Qd2 Qxd2 33. Rxd2 Ng5 34. Re2 Nf3+ 35. Kg2 Nd4 36. Rd2 Nc8 37. Bxa6 Nxb6 38. Rb4 Nxd5 39. Bc4 Rxc4 40. Rxb7 Ne3+ 41. Kh1 Rf1+ 0-1


[Site "https://www.chess.com"]

[Event "Titled Tuesday Blitz April 12 Early 2022"]
[White "Aitbayev, Aslan"]
[Black "Tari, Aryan"]
[WhiteFideId "13704613"]
[BlackFideId "1510045"]
[WhiteElo "2385"]
[BlackElo "2567"]
[Result "0-1"]
[Round "06"]
[TimeControl "180+1"]
[Date "2022.04.12"]
[WhiteClock "0:00:04"]
[BlackClock "0:00:16"]

1. e4 c6 2. d4 d5 3. e5 Bf5 4. Nd2 a5 5. a4 e6 6. Nb3 Nd7 7. Nf3 Qc7 8. Be2 f6 9. O-O fxe5 10. dxe5 Nxe5 11. Nfd4 Nf6 12. f4 Neg4 13. h3 h5 14. Bd3 g6 15. Re1 Ne4 16. Nxf5 gxf5 17. Bxe4 dxe4 18. hxg4 hxg4 19. Be3 g3 20. Qd4 Bg7 21. Qc4 Qf7 22. Nc5 Rh6 23. Rad1 Bf8 24. Nd7 Qh5 25. Kf1 Qg4 26. Bg1 Qxf4+ 27. Ke2 Qg4+ 28. Kf1 Be7 29. Qc3 Qf4+ 30. Ke2 Qg4+ 31. Kf1 Rd8 32. Ne5 Qxd1 33. Rxd1 Rxd1+ 34. Ke2 Rxg1 35. Qd4 Rxg2+ 36. Kf1 Rxc2 37. Qd7+ Kf8 38. Qc8+ Kg7 0-1


[Site "https://www.chess.com"]

[Event "Titled Tuesday Blitz April 12 Early 2022"]
[White "Almeida Junior, Alvaro Alves de"]
[Black "Blokhin, Sofia"]
[WhiteFideId "2149974"]
[BlackFideId "4508190"]
[WhiteElo "2086"]
[BlackElo "1764"]
[Result "1-0"]
[Round "06"]
[TimeControl "180+1"]
[Date "2022.04.13"]
[WhiteClock "0:00:10"]
[BlackClock "0:00:34"]

1. e4 c5 2. Nf3 Nc6 3. b3 e5 4. Bb2 d6 5. c4 Nf6 6. Nc3 Be7 7. Be2 O-O 8. O-O Ne8 9. Nd5 f5 10. d3 Be6 11. Ne1 Bxd5 12. cxd5 Nd4 13. Bxd4 cxd4 14. Rc1 fxe4 15. dxe4 Nf6 16. Qd3 Rc8 17. Nf3 h6 18. Nh4 Nxd5 19. Rxc8 Qxc8 20. Ng6 Rf6 21. exd5 Qe8 22. Nxe7+ Qxe7 23. Bf3 Rf4 24. Re1 Qc7 25. g3 Rf8 26. Be4 Qf7 27. Re2 Rc8 28. Rc2 Rf8 29. Kg2 Qh5 30. Bh7+ Kh8 31. Bg6 Qg5 32. h4 Qf6 33. h5 Qg5 34. Qd2 Qf6 35. Qe2 Qg5 36. Be4 Qf6 37. Rc7 b6 38. Qf3 Qd8 39. Rf7 Re8 40. Qf5 1-0


[Site "https://www.chess.com"]

[Event "Titled Tuesday Blitz April 12 Early 2022"]
[White "Andreikin, Dmitry"]
[Black "Sapunov, Evgeny"]
[WhiteFideId "4158814"]
[BlackFideId "4126661"]
[WhiteElo "2736"]
[BlackElo "2470"]
[Result "1-0"]
[Round "06"]
[TimeControl "180+1"]
[Date "2022.04.12"]
[WhiteClock "0:00:11"]
[BlackClock "0:00:08"]

1. d4 Nf6 2. c4 e6 3. Nc3 d5 4. cxd5 exd5 5. Bg5 Be7 6. e3 c6 7. Bd3 Nbd7 8. Nge2 Nf8 9. h4 Ne6 10. Nf4 h6 11. Nxe6 Bxe6 12. Bf4 Qd7 13. Qb3 O-O 14. Ne2 a5 15. a3 Bf5 16. Ng3 Bxd3 17. Qxd3 Rfe8 18. h5 Bd6 19. Bxd6 Qxd6 20. Nf5 Qe6 21. f3 Nd7 22. Kf2 Nb6 23. g4 Nc4 24. Rag1 Nxb2 25. Qc3 Nc4 26. Qd3 f6 27. Nxh6+ gxh6 28. Qg6+ Kf8 29. Qxh6+ Ke7 30. Re1 Kd7 31. Qh7+ Re7 32. Qb1 b5 33. h6 Rh8 34. Qg6 Kc7 35. e4 Rf7 36. e5 Kd7 37. Kg3 fxe5 38. Qxe6+ Kxe6 39. dxe5 d4 40. f4 Ne3 41. g5 Kf5 42. Kf3 c5 43. Reg1 Kg6 44. Ke4 Rhf8 45. Rh4 b4 46. axb4 axb4 47. Ra1 Ng2 48. Ra6+ Kh7 49. g6+ Kh8 50. g7+ Kh7 51. gxf8=N+ Rxf8 52. Rg4 Ne3 53. Rg7+ Kh8 54. Raa7 Rb8 55. Rh7+ 1-0


[Site "https://www.chess.com"]

[Event "Titled Tuesday Blitz April 12 Early 2022"]
[White "Antonio, Jorge Carlos"]
[Black "Fernandez Siles, Luis"]
[WhiteFideId "113190"]
[BlackFideId "2209420"]
[WhiteElo "2247"]
[BlackElo "2212"]
[Result "0-1"]
[Round "06"]
[TimeControl "180+1"]
[Date "2022.04.13"]
[WhiteClock "0:00:15"]
[BlackClock "0:00:16"]

1. d4 Nf6 2. Nf3 g6 3. c4 Bg7 4. Nc3 O-O 5. e4 d6 6. Be2 c5 7. O-O Nc6 8. Be3 Ng4 9. Qd2 Nxe3 10. fxe3 Bg4 11. h3 Bxf3 12. gxf3 cxd4 13. exd4 Nxd4 14. Nd5 e6 15. Nc3 Qh4 16. Kh2 f5 17. Bd3 Bh6 18. Qg2 Bf4+ 19. Kg1 Bg3 20. Ne2 Nxe2+ 21. Bxe2 d5 22. exd5 exd5 23. cxd5 Rae8 24. f4 Bxf4 25. Bf3 Bd6 26. Rad1 Re3 27. Qf2 Qxh3 28. Qg2 Qh4 29. Qf2 Qf4 30. Kg2 Rfe8 31. Kg1 Rxf3 32. Qxf3 Qh2# 0-1


[Site "https://www.chess.com"]